 Dungeon Crawl Stone Soup version 0.32-a0-20-ge526923d97 (webtiles) character file.

Game seed: 11490287514394166810

230 promet the Trooper (level 6, 0/48 HPs)
             Began as a Human Fighter on Jan 17, 2024.
             Succumbed to a killer bee's poison
             ... on level 3 of the Dungeon.
             The game lasted 00:25:49 (3057 turns).

promet the Trooper (Human Fighter)                  Turns: 3057, Time: 00:25:49

Health: 0/48       AC:  8    Str: 16    XL:     6   Next: 3%
Magic:  6/6        EV:  9    Int:  9    God:
Gold:   109        SH:  5    Dex: 14    Spells: 5/5 levels left

rFire   . . .        a - +1 falchion (elec)
rCold   . . .        s - +0 buckler
rNeg    . . .        o - +0 scale mail
rPois   .            (helmet restricted)
rElec   .            (no cloak)
rCorr   .            p - +0 pair of gloves
SInv    .            (no boots)
Will    .....        (no amulet) Stlth
                     (no ring)
HPRegen 0.28/turn    (no ring)
MPRegen 0.10/turn

%: no passive effects
@: mighty, lethally poisoned (0 -> -13)
A: explore regen, horns 1, persistent drain
a: no special abilities


You were on level 3 of the Dungeon.
You visited 1 branch of the dungeon, and saw 4 of its levels.

You collected 163 gold pieces.
You spent 54 gold pieces at shops.

Inventory:

Hand Weapons
 a - a +1 falchion of electrocution (weapon)
 b - a +0 shortbow
 c - a +0 sling
 e - a +0 short sword
 h - a +0 spear
 m - a +0 war axe
 n - a +1 dagger of draining
 y - a +0 battleaxe
Missiles
 f - 25 stones
 j - 5 boomerangs (quivered)
 k - 9 poisoned darts
Armour
 g - a +0 plate armour
 o - a +0 scale mail (worn)
 p - a +0 pair of gloves (worn)
 s - a +0 buckler (worn)
 A - a +0 cloak
Jewellery
 u - a +4 ring of protection
Scrolls
 v - a scroll of blinking {unknown}
 x - a scroll of summoning {unknown}
Potions
 d - a potion of curing {unknown}
 i - a potion of berserk rage
 l - a potion of degeneration {unknown}
 q - a potion of invisibility {unknown}
 r - a potion of might
 w - 2 potions of resistance {unknown}
 z - a potion of attraction {unknown}


   Skills:
 + Level 4.0 Fighting
 + Level 3.9 Axes
 + Level 1.6 Ranged Weapons
 + Level 3.8 Armour
 + Level 0.9 Dodging
 + Level 0.3 Stealth
 + Level 3.2 Shields


You had 5 spell levels left.
You didn't know any spells.
Your spell library contained the following spells:

 Spells                   Type           Power      Damage    Failure   Level
 Sublimation of Blood     Necr           0%         N/A       95%         2
 Petrify                  Alch/Erth      0%         N/A       100%        4
 Irradiate                Conj/Alch      0%         3d11      100%        5


Dungeon Overview and Level Annotations

Branches:
Dungeon (4/15)
 Temple: D:4-7

Altars:
Gozag
Kikubaaqudgha
Makhleb

Shops:
D:3 [


Innate Abilities, Weirdness & Mutations

You regain HP and MP as you explore.
You have a pair of small horns on your head.
Your health recovers twice as slowly from being drained.


Message History

You feel sick.
The killer bee attacks as it pursues you!
You block the killer bee's attack. The killer bee stings you.
You are more poisoned.
The killer bee poisons you! The killer bee stings you.
You are more poisoned.
The killer bee poisons you!
The killer bee stings you but does no damage.
The killer bee completely misses you. The killer bee barely misses you.
You feel very sick. The killer bee barely misses you.
You feel very sick.
You barely miss the killer bee.
You feel very sick. The killer bee closely misses you.
The killer bee stings you! The killer bee barely misses you.
You feel very mighty all of a sudden.
You feel sick. The killer bee stings you. You block the killer bee's attack.
The killer bee barely misses you.
The killer bee stings you but does no damage.
You miss the killer bee.
You feel very sick. The killer bee closely misses you.
The killer bee barely misses you.
The killer bee stings you but does no damage. x2
You block the killer bee's attack.
The killer bee stings you but does no damage.
You barely miss the killer bee. You headbutt the killer bee.
The killer bee is moderately wounded.
You feel sick. The killer bee stings you!
* * * LOW HITPOINT WARNING * * *
You are lethally poisoned!
The killer bee poisons you! The killer bee barely misses you.
The killer bee closely misses you. You block the killer bee's attack.
The killer bee barely misses you.
The killer bee stings you but does no damage.
As you read the scroll labelled ZIQ CEELIA, it crumbles to dust.
Your body is wracked with pain!
* * * LOW HITPOINT WARNING * * *
The killer bee convulses! x3; It was a scroll of torment.
You die...

#.###....####..##.. #####
#.######...##.##..# #...##
#..# #....#.##..# #....## ##.#
###.#...†...#
#.....#######.####..>.#.##...#
##.##......##..#............##
##.#######.......#.....##.....
##..# ####y#..###.#.#......
#..## #@yy.###...#...... #.##
###.>....#........ #.#
#..###.......... #.#
###.........#..... #.#
###...#....#.##..... #.#
##.......#..#.####### ###.#
#####....#####....# ....#
#.......####....#.##
#########......###...#.##..#
##


You could see 3 killer bees.

Vanquished Creatures
  A bombardier beetle (D:3)
  3 iron imps (D:3)
  Terence (D:2)
  Robin (D:2)
  2 adders
  A ribbon worm (D:1)
  6 endoplasms
  4 giant cockroaches
  9 goblins
  5 hobgoblins
  8 ball pythons
  4 bats
  3 frilled lizards
  10 kobolds
  A rat (D:3)
59 creatures vanquished.

Notes
Turn   | Place    | Note
-------+----------+-------------------------------------------
     0 | D:1      | promet the Human Fighter began the quest for the Orb.
     0 | D:1      | Reached XP level 1. HP: 18/18 MP: 1/1
   352 | D:1      | Reached XP level 2. HP: 24/24 MP: 2/2
  1193 | D:2      | Reached XP level 3. HP: 25/29 MP: 3/3
  1354 | D:2      | Noticed Robin
  1506 | D:2      | Killed Robin
  1510 | D:2      | Reached XP level 4. HP: 22/35 MP: 4/4
  1678 | D:2      | Noticed Terence
  1691 | D:2      | Killed Terence
  1921 | D:2      | Gained mutation: You have a pair of small horns on your
                  | head. [potion of mutation]
  1921 | D:2      | Gained mutation: Your health recovers twice as slowly from
                  | being drained. [potion of mutation]
  2077 | D:3      | Reached XP level 5. HP: 9/41 MP: 5/5
  2379 | D:3      | Found an ancient bone altar of Kikubaaqudgha.
  2459 | D:3      | Found an opulent altar of Gozag.
  2587 | D:3      | Found a faded altar of an unknown god.
  2686 | D:3      | Found Getaxeg's Armour Shop.
  2696 | D:3      | Bought a +0 cloak for 54 gold pieces
  2713 | D:3      | Found a burning altar of Makhleb.
  2755 | D:3      | Reached skill level 1 in Ranged Weapons
  2801 | D:3      | Reached skill level 4 in Fighting
  2801 | D:3      | Reached XP level 6. HP: 48/48 MP: 6/6
  3057 | D:3      | Succumbed to a killer bee's poison

Illustrated notes

Levels and vault maps discovered:
D:1:      noname_arrival_rooms_in_the_neighbourhood, layout_basic,
          serial_curves, eino_curves_03, eino_curves_04, eino_curves_03,
          eino_curves_04
D:2:      layout_loops_corners, serial_aquarium, aquarium_bridge_long_joined
          [aquarium_subvault_wall, aquarium_subvault_window,
          aquarium_subvault_wall, aquarium_subvault_window,
          aquarium_subvault_window, aquarium_subvault_bridge],
          aquarium_window_1, aquarium_window_2, aquarium_window_corridor_1,
          aquarium_view_2c, aquarium_view_2a, aquarium_pool_1, uniq_terence,
          uniq_robin
D:3:      layout_rooms, mainiacjoe_overflow_catch_the_wave, demons_altar,
          shapermc_ecumenical_altar_notcrosses, serial_shops,
          nicolae_lakefront_shop
D:4:      layout_rooms, mainiacjoe_overflow_six_doors_small, vehumet_statue,
          mainiacjoe_overflow_cross_hatched, minmay_temple_entry_sparse_star,
          serial_library_regret_index_multi

Skill      XL: |  1  2  3  4  5 |
---------------+----------------+-----
Axes           | 3 |  3.9
Ranged Weapons | 1 |  1.6
Fighting       | 4 |  4.0
Armour         | |  3.8
Dodging        | |  0.9
Stealth        | |  0.3
Shields        | |  3.2

Action                     |  1- 3 |  4- 6 || total
---------------------------+-------+-------++-------
  Melee: War axe           |    64 |    16 ||    80
         Battleaxe         |     9 |    25 ||    34
         Dagger            |     9 |     2 ||    11
         Headbutt          |       |     5 ||     5
         Falchion          |       |     6 ||     6
   Fire: Sling             |       |    57 ||    57
         Shortbow          |       |    10 ||    10
    Use: Scroll            |     2 |     5 ||     7
         Potion            |     1 |     2 ||     3
 Armour: Scale mail        |    65 |    48 ||   113
  Dodge: Dodged            |    32 |    44 ||    76
  Block: Buckler           |    11 |     5 ||    16

Table legend: (Time is in decaauts)
 A = Elapsed time spent in this place.
 B = Non-inter-level travel time spent in this place.
 C = Inter-level travel time spent in this place.
 D = Time resting spent in this place.
 E = Time spent auto-exploring this place.
 F = Levels seen in this place.
 G = Mean time per level.
                   A        B        C        D        E       F      G
               +--------+--------+--------+--------+--------+-----+--------+
         Total |   3142 |   3029 |    113 |    578 |    782 |   4 |  785.5 |
       Dungeon |   3142 |   3029 |    113 |    578 |    782 |   4 |  785.5 |
               +--------+--------+--------+--------+--------+-----+--------+

Top non-repeatable levels by time:
     D:1: 1345 daAuts
     D:3: 1138 daAuts
     D:2: 614 daAuts
     D:4: 43 daAuts
